 Dungeon Crawl Stone Soup version 0.27.0-1-g7a089689b8 (webtiles) character file.

Game seed: 2068032869564986774

29 Descartes the Shield-Bearer (level 3, -1/19 HPs)
             Began as a Vine Stalker Fighter on Aug 15, 2021.
             Succumbed to a kobold's poison
             ... on level 2 of the Dungeon.
             The game lasted 00:01:24 (1203 turns).

Descartes the Shield-Bearer (Vine Stalker Fighter)  Turns: 1203, Time: 00:01:25

Health: -1/19      AC:  6    Str: 18    XL:     3   Next: 16%
Magic:  3/4        EV:  7    Int:  9    God:
Gold:   30         SH:  9    Dex: 13    Spells: 2/2 levels left

rFire    . . .     SeeInvis .   n - +2 morningstar (holy)
rCold    . . .     Faith    .   c - +0 kite shield
rNeg     . . .     Spirit   +   b - +0 scale mail
rPois    .         Reflect  .   (no helmet)
rElec    .         Harm     .   (no cloak)
rCorr    .         Rampage  .   (no gloves)
Will     .....                  (no boots)
Stlth    ..........             (no amulet)
HPRegen  0.06/turn              (no ring)
MPRegen  0.09/turn              (no ring)

@: lethally poisoned (-1 -> -26)
A: fangs 2, magic shield, antimagic bite, no potion heal 2
a: no special abilities


You were on level 2 of the Dungeon.
You visited 1 branch of the dungeon, and saw 2 of its levels.

You collected 30 gold pieces.

Inventory:

Hand Weapons
 a - a +0 war axe
 n - a +2 morningstar of holy wrath (weapon)
Missiles
 h - 11 arrows
 j - 2 stones (quivered)
Armour
 b - a +0 scale mail (worn)
 c - a +0 kite shield (worn)
Jewellery
 i - a ring of protection from fire
Scrolls
 f - a scroll of teleportation {unknown}
 g - a scroll of fear {unknown}
 l - a scroll of summoning {unknown}
Potions
 d - 2 potions of might
 e - a potion of heal wounds {unknown}
 k - a potion of lignification {unknown}
 m - a potion of degeneration {unknown}


   Skills:
 - Level 2.6 Fighting
 - Level 1.7 Axes
 + Level 0.0(1.0) Maces & Flails
 - Level 2.4 Armour
 + Level 3.8 Shields


You had 2 spell levels left.
You didn't know any spells.
Your spell library contained the following spells:

 Spells                   Type           Power      Damage    Failure   Level
 Dazzling Flash           Conj/Hex       0%         N/A       100%        3
 Iskenderun's Mystic Bla  Conj/Tloc      0%         2d3       100%        4
 Starburst                Conj/Fire      0%         8x6d3     100%        6


Dungeon Overview and Level Annotations

Branches:
Dungeon (2/15)

Altars:


Innate Abilities, Weirdness & Mutations

You have extremely sharp teeth.
When hurt, damage is shared between your health and your magic reserves.
Your bite disrupts and absorbs the magic of your enemies.
Potions cannot restore your health.


Message History

No target in view!
No target in view!
No target in view!
No target in view!
No target in view!
No target in view!
No target in view!
No target in view!
No target in view!
No target in view!
No target in view!
You see here a +2 morningstar of holy wrath.
n - a +2 morningstar of holy wrath Your +2 morningstar of holy wrath softly glows with a divine radiance!
n - a +2 morningstar of holy wrath (weapon)
Setting a skill training target for Maces & Flails at 16.0.
Magic restored.
HP restored.
A kobold comes into view. It is wielding a +2 dagger of venom.
The kobold shouts!
You hear a shout!
Found a scroll labelled CINEXUL ZUJEC.
A goblin comes into view. It is wielding a +0 dagger.
The goblin shouts!
You hear an angry hiss.
The kobold hits you with a +2 dagger of venom.
You are poisoned.
You closely miss the kobold. Your bite misses the kobold.
You feel very sick. You block the kobold's attack.
Your shield and scale mail prevent you from hitting the kobold.
You bite the kobold. You drain its power.
You feel invigorated.
The kobold is severely wounded.
You feel sick.
The kobold hits you with a +2 dagger of venom.
You are lethally poisoned!
An adder comes into view.
The kobold hits you but does no damage.
You are more poisoned.
You closely miss the kobold. Your bite misses the kobold.
The kobold is severely wounded.
You die...

#......# .# #......# .
.. #......# .. #..
#......## ...
#..##.......######...
. #................$
...
#.##......###..##.....
#.†...........@K.g...#
##..########.........#
#..# #..######... #..#
#... S #### #....
...... .......#
..?#....#


You could see an adder, a goblin and a kobold.

Vanquished Creatures
  2 dart slugs (D:1)
  5 endoplasms
  2 giant cockroaches
  2 hobgoblins (D:1)
  2 jackals (D:1)
  A ball python (D:1)
  2 bats
  A frilled lizard (D:1)
  A goblin (D:1)
  3 kobolds (D:1)
  2 rats (D:1)
23 creatures vanquished.

Notes
Turn   | Place    | Note
-------+----------+-------------------------------------------
     0 | D:1      | Descartes the Vine Stalker Fighter began the quest for the
                  | Orb.
     0 | D:1      | Reached XP level 1. HP: 11/11 MP: 2/2
   348 | D:1      | Reached skill level 3 in Shields
   536 | D:1      | Reached XP level 2. HP: 16/16 MP: 3/3
   957 | D:1      | Reached XP level 3. HP: 18/19 MP: 4/4
  1203 | D:2      | Succumbed to a kobold's poison

Illustrated notes

Levels and vault maps discovered:
D:1:      minmay_arrival_hallway, layout_basic
D:2:      minmay_evil_eye, layout_rooms, dilly_ecumenical_altar_fadedgnrine,
          serial_bayou_pond_b, minmay_strange_pillars, guppyfry_early_lair_pool

Skill      XL: |  1 |
---------------+----+-----
Shields        | 3 |  3.8
Fighting       | |  2.6
Axes           | |  1.7
Armour         | |  2.4

Action                   || total
-------------------------++-------
Melee: War axe           ||    52
       Bite              ||    14
       Morningstar       ||     3
Armor: Scale mail        ||    35
Dodge: Dodged            ||    25
Block: Kite shield       ||    31
